 Dungeon Crawl Stone Soup version 0.31.0-9-g3a7656b989 (webtiles) character file.

Game seed: 3194214017220264950

5465 booth the Cleaver (level 10, 0/83 HPs)
             Began as a Demonspawn Monk on Jan 24, 2024.
             Was a Priest of Wu Jian.
             Slain by an orc warlord
             ... wielding a +6 battleaxe
              (30 damage)
             ... in a bailey.
             The game lasted 00:43:04 (6554 turns).

booth the Cleaver (Demonspawn Monk)                 Turns: 6554, Time: 00:43:04

Health: 0/83       AC: 21    Str: 25    XL:     10   Next: 41%
Magic:  10/10      EV: 12    Int: 10    God:    Wu Jian [***...]
Gold:   377        SH:  4    Dex: 15    Spells: 9/9 levels left

rFire   + . .        z - +1 hand axe (freeze)
rCold   . . .        (no shield)
rNeg    . . .        m - +2 ring mail {rF+}
rPois   .            b - +1 helmet
rElec   .            e - +0 cloak
rCorr   .            (gloves unavailable)
SInv    .            p - +1 pair of boots
Will    .....        (no amulet)
Stlth   +            f - +6 ring of strength
HPRegen 0.33/turn    i - +4 ring of slaying
MPRegen 0.12/turn

%: no passive effects
@: no status effects
A: claws 3, icemail 2, spiny 1, sharp scales 1, condensation shield, strong 1
a: Renounce Religion, Wall Jump, Serpent's Lash


You were in a bailey.
You worshipped Wu Jian.
Wu Jian was most pleased with you.
You visited 2 branches of the dungeon, and saw 9 of its levels.
You also visited: Bailey.

You collected 377 gold pieces.

Inventory:

Hand Weapons
 o - a +2 demon whip of electrocution
 q - a +0 mace
 s - a +0 war axe
 z - a +1 hand axe of freezing (weapon)
 F - a +0 broad axe
 N - a +3 battleaxe
Missiles
 t - 20 poisoned darts
 E - 12 boomerangs (quivered)
 H - 2 throwing nets
 K - a curare-tipped dart
Armour
 b - a +1 helmet (worn)
 d - an orb of light
 e - a +0 cloak (worn)
 m - a +2 ring mail of fire resistance (worn)
 p - a +1 pair of boots (worn)
 A - a scarf of resistance
Jewellery
 f - a +6 ring of strength (left claw)
 i - a +4 ring of slaying (right claw)
 v - a ring of ice
 w - a ring of fire
Wands
 G - a wand of roots (8)
 I - a wand of flame (21)
 M - a wand of charming (7)
Scrolls
 u - a scroll of fear
 y - a scroll of noise {unknown}
 B - 2 scrolls of blinking
 D - 2 scrolls of teleportation
 J - a scroll of poison
 L - 3 scrolls of enchant weapon {unknown}
 O - a scroll of identify
 P - a scroll of brand weapon {unknown}
 Q - 2 scrolls of revelation
 R - a scroll of acquirement
 S - a scroll of summoning {unknown}
Potions
 a - a potion of magic
 c - a potion of ambrosia
 g - 2 potions of might
 h - 5 potions of curing
 j - 2 potions of invisibility
 k - a potion of heal wounds
 l - a potion of brilliance
 n - a potion of degeneration {unknown}
 r - 3 potions of haste
 x - 4 potions of attraction
 C - 3 potions of lignification


   Skills:
 + Level 9.4 Fighting
 * Level 11.6 Axes
 + Level 2.9 Throwing
 - Level 2.9 Dodging


You had 9 spell levels left.
You didn't know any spells.
Your spell library contained the following spells:

 Spells                   Type           Power      Damage    Failure   Level
 Ensorcelled Hibernation  Hex/Ice        0%         N/A       65%         2
 Fugue of the Fallen      Necr           0%         N/A       87%         3
 Anguish                  Hex/Necr       0%         N/A       99%         4


Dungeon Overview and Level Annotations

Branches:
Dungeon (8/15)             Temple (1/1) D:7          Bailey (1/1)
   Lair: D:8-11

Altars:
Dithmenos
Fedhas
Gozag
Hepliaklqana
Kikubaaqudgha
Makhleb
Nemelex Xobeh
Qazlal
Sif Muna
Trog
Uskayaw
Vehumet
Wu Jian
Xom
Yredelemnul

Annotations:
D:4 exclusion: statue


Innate Abilities, Weirdness & Mutations

You have claws for hands.
A meltable icy envelope protects you from harm. (AC +8)
You are partially covered in sharp spines.
You are partially covered in razor-sharp scales. (AC +1, Slay +1)
A meltable shield of frost defends you. (SH +4)
Your muscles are strong. (Str +4, Int/Dex -1)


Message History

The orc warlord is lightly wounded.
The orc warlord closely misses you.
You spin and attack the orc warlord repeatedly.
You hit the orc warlord. You freeze the orc warlord.
The orc warlord is lightly wounded.
You hit the orc warlord but do no damage.
The orc warlord is lightly wounded.
The orc warlord hits you with a +6 battleaxe!
There is an open translucent gate, spattered with blood here.
You hit the orc warlord. You freeze the orc warlord.
The orc warlord is lightly wounded.
You enter the shallow water.
Moving in this stuff is going to be slow.
You spin and attack the orc warlord repeatedly.
Your unstable footing causes you to fumble your attack.
You slash the orc warlord! You freeze the orc warlord.
The orc warlord is moderately wounded.
The orc warlord grunts repeatedly.
The orc warlord hits you with a +6 battleaxe!
You spin and attack the orc warlord repeatedly.
You hit the orc warlord but do no damage.
You claw the orc warlord, but do no damage.
The orc warlord is moderately wounded.
You hit the orc warlord but do no damage.
The orc warlord is moderately wounded.
The orc warlord hits you with a +6 battleaxe!
The orc warlord is struck by your spines.
The orc warlord closely misses you.
There is an open translucent gate, spattered with blood here.
You hit the orc warlord but do no damage.
The orc warlord is moderately wounded.
The orc warlord is struck by your spines.
The orc warlord hits you with a +6 battleaxe!
You hit the orc warlord. You freeze the orc warlord.
The orc warlord is moderately wounded.
You spin and attack the orc warlord.
You hit the orc warlord. You freeze the orc warlord.
The orc warlord is moderately wounded.
The orc warlord hits you with a +6 battleaxe!!
You die...

##### ##### ##...## ##...##
##.....## ##.....##
##.......#######.......##
##..8..8......)....8..8..##
#.............)...........#
#............@............#
#...8.....)#''o#......8...#
##......####~~~####......##
♣##.....#~~~~~~~~~#.....##♣
♣.##....#~.8...8.~#....##.♣
♣♣..###'###.......###'###..♣♣
♣...~~~)#~~.8...8.~~#.~~~...♣
♣♣...~~~.#~.........~#.~~~...♣
♣∩...~~~.#~....∩....~#.~~~...∩


You could see an orc warlord.

Vanquished Creatures
  A two-headed ogre (D:7)
  Pikel (D:6)
  Joseph (D:7)
  Jeremiah (D:6)
  A troll (D:8)
  Prince Ribbit (D:7)
  A wyvern (D:8)
  2 steam dragons
  Menkaure (D:7)
  6 orc warriors
  An ice beast (D:7)
  A black bear (D:7)
  2 ogres (D:6)
  A centaur (D:6)
  2 lemures (D:6)
  2 kobold brigands
  Blork the orc (D:6)
  A bullfrog (D:4)
  A gnoll sergeant (D:6)
  4 scorpions (D:5)
  4 wights (D:8)
  4 howler monkeys
  A jelly (D:5)
  6 hounds
  5 orc priests
  2 iguanas (D:5)
  9 orc wizards
  8 gnolls
  9 adders
  A shadow imp (D:7)
  2 white imps (D:5)
  A ribbon worm (D:2)
  3 dart slugs
  32 orcs
  4 bats
  7 endoplasms
  A giant cockroach (D:2)
  2 goblins
  6 hobgoblins
  7 jackals
  4 quokkas
  3 ball pythons
  3 frilled lizards
  22 kobolds
  5 rats
183 creatures vanquished.

Notes
Turn   | Place    | Note
-------+----------+-------------------------------------------
     0 | D:1      | booth the Demonspawn Monk began the quest for the Orb.
     0 | D:1      | Reached XP level 1. HP: 18/18 MP: 1/1
   193 | D:1      | Gained mutation: A meltable shield of frost defends you.
                  | (SH +4) [demonic ancestry]
   193 | D:1      | Reached XP level 2. HP: 18/24 MP: 2/2
   301 | D:1      | Reached skill level 3 in Axes
   866 | D:2      | Reached XP level 3. HP: 18/29 MP: 3/3
  1517 | D:3      | Gained mutation: A meltable icy envelope protects you from
                  | harm. (AC +8) [demonic ancestry]
  1517 | D:3      | Reached XP level 4. HP: 37/37 MP: 4/4
  1617 | D:3      | Reached skill level 4 in Axes
  1670 | D:3      | Found a hazy altar of Hepliaklqana.
  1690 | D:3      | Gained mutation: A meltable icy envelope protects you from
                  | harm. (AC +8) [demonic ancestry]
  1690 | D:3      | Reached XP level 5. HP: 9/42 MP: 5/5
  2155 | D:4      | Reached skill level 5 in Axes
  2214 | D:4      | Gained mutation: You have sharp fingernails. [demonic
                  | ancestry]
  2214 | D:4      | Reached XP level 6. HP: 49/49 MP: 6/6
  2486 | D:4      | Found a radiant altar of Vehumet.
  2973 | D:5      | Entered Level 5 of the Dungeon
  2982 | D:5      | Reached skill level 5 in Fighting
  3224 | D:5      | Reached skill level 6 in Axes
  3224 | D:5      | Gained mutation: You are partially covered in razor-sharp
                  | scales. (AC +1, Slay +1) [demonic ancestry]
  3224 | D:5      | Reached XP level 7. HP: 56/56 MP: 7/7
  3699 | D:5      | Found a hide-covered altar of Uskayaw.
  3758 | D:6      | Reached skill level 7 in Axes
  3851 | D:6      | Noticed Blork the orc
  3873 | D:6      | Killed Blork the orc
  3933 | D:6      | Noticed a steam dragon
  3949 | D:6      | Gained mutation: You are partially covered in sharp spines.
                  | [demonic ancestry]
  3949 | D:6      | Reached XP level 8. HP: 64/64 MP: 8/8
  4270 | D:6      | Noticed Pikel
  4285 | D:6      | Killed Pikel
  4286 | D:6      | Reached skill level 8 in Axes
  4340 | D:6      | Reached skill level 9 in Axes
  4514 | D:6      | Found an opulent altar of Gozag.
  4603 | D:6      | Noticed Jeremiah
  4643 | D:6      | Killed Jeremiah
  4644 | D:6      | Gained mutation: You have very sharp fingernails. [demonic
                  | ancestry]
  4644 | D:6      | Reached XP level 9. HP: 58/72 MP: 9/9
  4879 | D:6      | Gained mutation: You have claws for hands. [potion of
                  | mutation]
  4879 | D:6      | Gained mutation: Your muscles are strong. (Str +4, Int/Dex
                  | -1) [potion of mutation]
  4944 | D:7      | Found a staircase to the Ecumenical Temple.
  4947 | D:7      | Noticed Menkaure
  4954 | D:7      | Noticed a two-headed ogre
  4955 | D:7      | Killed Menkaure
  4968 | D:7      | Killed a two-headed ogre
  4969 | D:7      | Reached skill level 10 in Axes
  5033 | Temple   | Entered the Ecumenical Temple
  5062 | Temple   | Became a worshipper of the Wu Jian Council
  5062 | Temple   | Reached * piety under Wu Jian
  5062 | Temple   | Reached ** piety under Wu Jian
  5094 | D:7      | Noticed Joseph
  5110 | D:7      | Killed Joseph
  5523 | D:7      | Noticed Prince Ribbit
  5534 | D:7      | Killed Prince Ribbit
  5558 | D:7      | Reached skill level 1 in Throwing
  5691 | D:7      | Reached skill level 11 in Axes
  5737 | D:7      | Found a blossoming altar of Fedhas.
  5738 | D:7      | Found a burning altar of Makhleb.
  5739 | D:7      | Found a shimmering blue altar of Sif Muna.
  5741 | D:7      | Found a shimmering altar of Xom.
  5742 | D:7      | Found a shadowy altar of Dithmenos.
  5784 | D:7      | Reached XP level 10. HP: 79/82 MP: 10/10
  6205 | D:8      | Reached *** piety under Wu Jian
  6261 | D:8      | Found a flagged portal.
  6286 | Bailey   | Entered a bailey
  6315 | Bailey   | Noticed an orc warlord
  6437 | Bailey   | Found a runed translucent gate.
  6440 | Bailey   | Found a runed translucent gate.
  6455 | Bailey   | Found a runed translucent gate.
  6554 | Bailey   | Slain by an orc warlord

Illustrated notes

Levels and vault maps discovered:
D:1:      dpeg_arrival_rooms_b, layout_rooms, serial_bayou,
          serial_bayou_shore_a, serial_bayou_pond_d, serial_bayou_shore_b,
          serial_bayou_ford_a, serial_bayou_shore_b, minmay_box_of_dots
D:2:      layout_rooms
D:3:      layout_loops_ring, general_overflow_altar
D:4:      layout_basic, vehumet_statue
D:5:      layout_basic, mainiacjoe_overflow_alcove_4
D:6:      layout_basic, marbit_many_paths, minivault_24, minivault_11,
          uniq_jeremiah, uniq_blork_the_orc, uniq_pikel
D:7:      layout_loops_ring, minitemple, temple_statues, uniq_menkaure,
          uniq_joseph, uniq_prince_ribbit1
D:8:      layout_gridville, enter_bailey_2, chequers_arboretum, st_stairs_11,
          nicolae_straight_to_the_point
Temple:   pf_temple_reverse_labyrinth
Bailey:   bailey_axe_bossmonster_kennysheep, bailey

Skill      XL: |  1  2  3  4  5  6  7  8  9 10 |
---------------+-------------------------------+-----
Axes           | 3 4 5 6 7 9 11 | 11.6
Fighting       | 4 5 6 7 8 9 |  9.4
Throwing       | 1 2 |  2.9
Dodging        | |  2.9

Action                     |  1- 3 |  4- 6 |  7- 9 | 10-12 || total
---------------------------+-------+-------+-------+-------++-------
  Melee: Hand axe          |    87 |   103 |   139 |   133 ||   462
         Punch             |       |       |     2 |     4 ||     6
  Throw: Dart              |       |     4 |       |       ||     4
         Boomerang         |       |       |    42 |     6 ||    48
Ability: Lunge             |       |       |     4 |    15 ||    19
         Whirlwind         |       |       |     2 |    55 ||    57
    Use: Scroll            |     3 |     5 |     9 |     1 ||    18
         Potion            |     3 |     1 |     1 |       ||     5
 Armour: Robe              |    34 |       |       |       ||    34
         Ring mail         |    29 |    67 |    58 |    49 ||   203
  Dodge: Dodged            |    60 |    41 |    63 |    38 ||   202
  Block: Other             |       |       |    18 |     6 ||    24
